General information
- name: BNet
- type: Ladder team game (AT/RT)
- host: Battle.net
- saver: ban-gay-marriag
map: Battleground
- players: 8
- length: 27:27
- speed: Fast
- version: 1.26 W3XP
- replay type: Public
» download(221 KB)
Players
team 1 (winner)

»
JoshuaAmaron (
purple | 40 APM | 1106 actions | 27:27)
6 Dark Ranger
3 Black Arrow
2 Silence
1 Charm
4 Priestess of the Moon
2 Trueshot Aura
2 Searing Arrows
3 Warden
2 Fan of Knives
1 Shadow Strike
» actions
| Assign group hotkey | 52 | |
| Basic commands | 110 | |
| Build / train | 90 | |
| Enter build submenu | 22 | |
| Enter hero's abilities submenu | 13 | |
| Remove unit from queue | 3 | |
| Right click | 175 | |
| Select / deselect | 340 | |
| Select group hotkey | 217 | |
| Use ability | 84 | |
1106 total
» units
| Wisp | 25 | |
| Archer | 6 | |
| Druid of the Claw | 10 | |
| Dryad | 6 | |
47 total
» upgrades
| Strength of the Wild | 3 | |
| Reinforced Hides | 3 | |
| Druid of the Claw Training | 2 | |
| Mark of the Claw | 1 | |
| Abolish Magic | 1 | |
| Nature's Blessing | 1 | |
| Well Spring | 1 | |
| Ultravision | 1 | |
| Backpack | 1 | |
| Strength of the Moon | 1 | |
| Moon Armor | 1 | |
| Improved Bows | 1 | |
| Sentinel | 1 | |
| Marksmanship | 1 | |
| Upgrade Moon Glaive | 1 | |
| Vorpal Blades | 1 | |
21 total
» buildings
| Altar of Elders | 1 | |
| Ancient of War | 1 | |
| Moon Well | 8 | |
| Hunter's Hall | 1 | |
| Ancient Protector | 3 | |
| Tree of Ages | 1 | |
| Ancient of Lore | 3 | |
| Tree of Eternity | 1 | |
| Ancient of Wonders | 2 | |
| Tree of Life | 1 | |
22 total
» build order
00:09 Altar of Elders
00:14 Ancient of War
00:26 Moon Well
01:39 Moon Well
02:45 Hunter's Hall
03:51 Ancient Protector
03:58 Ancient Protector
04:01 Ancient Protector
04:14 Moon Well
04:58 Tree of Ages
07:39 Ancient of Lore
07:43 Ancient of Lore
08:07 Moon Well
08:13 Tree of Eternity
11:26 Moon Well
12:50 Moon Well
16:40 Ancient of Wonders
18:05 Ancient of Lore
18:12 Ancient of Wonders
19:48 Tree of Life
21:53 Moon Well
26:37 Moon Well
Mikey-Fresh (
pink | 78 APM | 2153 actions | 27:27)
6 Mountain King
3 Storm Bolt
2 Bash
1 Avatar
5 Paladin
3 Holy Light
2 Divine Shield
4 Archmage
2 Brilliance Aura
2 Summon Water Elemental
» actions
| Assign group hotkey | 30 | |
| Basic commands | 52 | |
| Build / train | 95 | |
| Enter build submenu | 18 | |
| Enter hero's abilities submenu | 16 | |
| Give item / drop item | 7 | |
| Remove unit from queue | 3 | |
| Right click | 957 | |
| Select / deselect | 317 | |
| Select group hotkey | 508 | |
| Use ability | 150 | |
2153 total
» units
| Peasant | 9 | |
| Footman | 7 | |
| Siege Engine | 10 | |
| Knight | 11 | |
37 total
» upgrades
| Gunpowder | 2 | |
| Plating | 2 | |
| Barrage | 1 | |
| Animal War Training | 1 | |
| Swords | 2 | |
| Masonry | 2 | |
10 total
» buildings
| Farm | 10 | |
| Altar of Kings | 2 | |
| Barracks | 1 | |
| Lumber Mill | 1 | |
| Scout Tower | 1 | |
| Arcane Vault | 1 | |
| Arcane Tower | 2 | |
| Keep | 1 | |
| Blacksmith | 1 | |
| Castle | 1 | |
| Workshop | 1 | |
22 total
» build order
00:08 Farm
00:10 Altar of Kings
00:13 Altar of Kings
00:48 Farm
01:22 Barracks
01:31 Lumber Mill
01:54 Farm
02:16 Scout Tower
02:27 Arcane Vault
02:36 Farm
02:41 Arcane Tower
02:42 Arcane Tower
03:45 Keep
04:43 Blacksmith
04:47 Farm
05:24 Farm
06:11 Castle
06:20 Workshop
06:53 Farm
11:57 Farm
15:55 Farm
15:55 Farm
» items
| Scroll of Regeneration | 3 | |
| Lesser Clarity Potion | 4 | |
| Boots of Speed | 2 | |
| Potion of Healing | 6 | |
| Scroll of Town Portal | 1 | |
| Potion of Mana | 3 | |
| Orb of Fire | 2 | |
21 total
Demogorgon. (
red | 76 APM | 2093 actions | 27:24)
5 Archmage
3 Summon Water Elemental
2 Brilliance Aura
3 Paladin
2 Holy Light
1 Divine Shield
» actions
| Assign group hotkey | 97 | |
| Basic commands | 66 | |
| Build / train | 85 | |
| Enter build submenu | 45 | |
| Enter hero's abilities submenu | 8 | |
| Give item / drop item | 3 | |
| Remove unit from queue | 4 | |
| Right click | 951 | |
| Select / deselect | 399 | |
| Select group hotkey | 346 | |
| Use ability | 89 | |
2093 total
» units
| Peasant | 21 | |
| Footman | 2 | |
| Rifleman | 12 | |
| Priest | 5 | |
40 total
» upgrades
| Masonry | 3 | |
| Lumber Harvesting | 2 | |
| Long Rifles | 1 | |
| Gunpowder | 3 | |
| Armor | 3 | |
| Priest Training | 2 | |
| Magic Sentry | 1 | |
| Animal War Training | 1 | |
| Swords | 2 | |
18 total
» buildings
| Altar of Kings | 1 | |
| Barracks | 6 | |
| Farm | 10 | |
| Blacksmith | 1 | |
| Arcane Vault | 1 | |
| Lumber Mill | 2 | |
| Keep | 1 | |
| Town Hall | 2 | |
| Scout Tower | 18 | |
| Guard Tower | 4 | |
| Arcane Sanctum | 2 | |
| Castle | 1 | |
| Gryphon Aviary | 7 | |
56 total
» build order
01:06 Altar of Kings
01:08 Barracks
01:13 Farm
01:14 Farm
01:20 Farm
01:22 Farm
01:58 Blacksmith
02:02 Farm
03:42 Barracks
03:59 Arcane Vault
04:04 Lumber Mill
05:03 Farm
05:03 Farm
05:06 Keep
06:50 Town Hall
07:17 Scout Tower
07:18 Scout Tower
07:18 Scout Tower
07:19 Scout Tower
07:20 Scout Tower
08:19 Guard Tower
09:15 Arcane Sanctum
09:16 Arcane Sanctum
11:36 Castle
12:29 Farm
12:29 Farm
12:52 Scout Tower
12:54 Scout Tower
12:56 Scout Tower
13:41 Guard Tower
19:34 Lumber Mill
20:05 Town Hall
20:09 Scout Tower
20:10 Scout Tower
20:10 Scout Tower
20:11 Scout Tower
20:13 Scout Tower
20:13 Scout Tower
20:14 Scout Tower
20:14 Scout Tower
20:15 Scout Tower
20:15 Scout Tower
20:38 Guard Tower
22:04 Guard Tower
22:35 Barracks
22:35 Barracks
22:36 Barracks
22:37 Barracks
22:51 Gryphon Aviary
22:51 Gryphon Aviary
22:53 Gryphon Aviary
22:55 Gryphon Aviary
22:56 Gryphon Aviary
25:47 Gryphon Aviary
25:47 Gryphon Aviary
» items
| Scroll of Regeneration | 3 | |
| Scroll of Town Portal | 1 | |
| Lesser Clarity Potion | 1 | |
| Boots of Speed | 1 | |
| Periapt of Vitality | 1 | |
7 total
about8pandas (
yellow | 61 APM | 1662 actions | 27:27)
3 Archmage
2 Summon Water Elemental
1 Blizzard
» actions
| Assign group hotkey | 11 | |
| Basic commands | 106 | |
| Build / train | 78 | |
| ESC pressed | 1 | |
| Enter build submenu | 28 | |
| Enter hero's abilities submenu | 3 | |
| Remove unit from queue | 3 | |
| Right click | 947 | |
| Select / deselect | 369 | |
| Select group hotkey | 66 | |
| Use ability | 50 | |
1662 total
» units
| Peasant | 23 | |
| Footman | 3 | |
| Rifleman | 17 | |
| Mortar Team | 4 | |
| Siege Engine | 11 | |
58 total
» upgrades
| Gunpowder | 3 | |
| Armor | 1 | |
| Long Rifles | 1 | |
| Lumber Harvesting | 1 | |
| Barrage | 1 | |
| Plating | 1 | |
8 total
» buildings
| Altar of Kings | 1 | |
| Farm | 12 | |
| Barracks | 2 | |
| Blacksmith | 1 | |
| Keep | 1 | |
| Arcane Vault | 1 | |
| Lumber Mill | 2 | |
| Town Hall | 1 | |
| Workshop | 2 | |
| Castle | 1 | |
| Scout Tower | 9 | |
| Guard Tower | 2 | |
35 total
» build order
00:07 Altar of Kings
00:22 Farm
00:47 Barracks
00:53 Barracks
01:25 Farm
02:01 Farm
02:07 Farm
02:29 Blacksmith
03:48 Farm
05:16 Keep
05:51 Arcane Vault
05:58 Lumber Mill
08:20 Town Hall
08:44 Workshop
09:59 Farm
10:02 Farm
10:48 Castle
11:59 Scout Tower
12:03 Scout Tower
12:05 Scout Tower
12:08 Scout Tower
12:09 Scout Tower
12:10 Scout Tower
12:30 Farm
12:47 Guard Tower
14:17 Guard Tower
14:58 Workshop
15:31 Farm
15:32 Farm
15:33 Farm
15:49 Scout Tower
15:50 Scout Tower
15:51 Scout Tower
18:20 Farm
22:37 Lumber Mill
» items
team 2 (loser)
broyousuck (
orange | 40 APM | 846 actions | 21:02)
4 Dark Ranger
2 Black Arrow
2 Life Drain
2 Death Knight
1 Death Coil
1 Unholy Aura
» actions
| Assign group hotkey | 21 | |
| Basic commands | 17 | |
| Build / train | 50 | |
| ESC pressed | 8 | |
| Enter build submenu | 15 | |
| Enter hero's abilities submenu | 6 | |
| Right click | 255 | |
| Select / deselect | 159 | |
| Select group hotkey | 278 | |
| Use ability | 37 | |
846 total
» units
| Acolyte | 3 | |
| Ghoul | 5 | |
| Crypt Fiend | 11 | |
| Forest Troll Shadow Priest | 1 | |
| Frost Wyrm | 8 | |
28 total
» upgrades
| Creature Attack | 2 | |
| Web | 1 | |
| Creature Carapace | 2 | |
| Burrow | 1 | |
| Freezing Breath | 1 | |
7 total
» buildings
| Ziggurat | 9 | |
| Altar of Darkness | 1 | |
| Crypt | 1 | |
| Graveyard | 1 | |
| Tomb of Relics | 1 | |
| Halls of the Dead | 1 | |
| Sacrificial Pit | 1 | |
| Black Citadel | 1 | |
| Boneyard | 2 | |
| Nerubian Tower | 2 | |
| Spirit Tower | 1 | |
21 total
» build order
00:48 Ziggurat
00:50 Altar of Darkness
00:52 Crypt
01:36 Graveyard
01:51 Ziggurat
03:41 Tomb of Relics
03:45 Halls of the Dead
04:23 Ziggurat
05:59 Ziggurat
06:19 Sacrificial Pit
07:37 Black Citadel
10:26 Boneyard
10:27 Boneyard
10:31 Nerubian Tower
10:32 Spirit Tower
12:41 Ziggurat
12:45 Ziggurat
16:15 Nerubian Tower
17:16 Ziggurat
19:31 Ziggurat
19:34 Ziggurat
» items
| Rod of Necromancy | 1 | |
| Scroll of Town Portal | 1 | |
2 total
celobox (
teal | 90 APM | 2200 actions | 24:28)
2 Death Knight
1 Death Coil
1 Unholy Aura
2 Lich
1 Frost Nova
1 Frost Armor
» actions
| Assign group hotkey | 13 | |
| Basic commands | 9 | |
| Build / train | 37 | |
| ESC pressed | 1 | |
| Enter build submenu | 13 | |
| Enter hero's abilities submenu | 4 | |
| Right click | 1107 | |
| Select / deselect | 339 | |
| Select group hotkey | 595 | |
| Use ability | 80 | |
2200 total
» units
| Acolyte | 2 | |
| Ghoul | 4 | |
| Obsidian Statue | 2 | |
| Abomination | 4 | |
12 total
» upgrades
| Creature Attack | 1 | |
| Destroyer Form | 1 | |
| Disease Cloud | 1 | |
3 total
» buildings
| Altar of Darkness | 1 | |
| Ziggurat | 5 | |
| Crypt | 2 | |
| Tomb of Relics | 1 | |
| Graveyard | 1 | |
| Halls of the Dead | 3 | |
| Black Citadel | 2 | |
| Slaughterhouse | 2 | |
| Sacrificial Pit | 1 | |
| Spirit Tower | 2 | |
20 total
» build order
00:05 Altar of Darkness
00:07 Ziggurat
00:09 Crypt
01:15 Tomb of Relics
02:03 Ziggurat
03:02 Graveyard
03:59 Halls of the Dead
03:59 Halls of the Dead
05:17 Ziggurat
05:34 Crypt
07:02 Black Citadel
07:05 Slaughterhouse
11:10 Ziggurat
11:15 Ziggurat
12:50 Slaughterhouse
14:47 Sacrificial Pit
15:00 Spirit Tower
15:09 Spirit Tower
» items
| Rod of Necromancy | 4 | |
| Dust of Appearance | 1 | |
| Potion of Healing | 1 | |
| Potion of Mana | 2 | |
| Orb of Corruption | 1 | |
9 total
LordOfTheFIies (
blue | 81 APM | 2019 actions | 24:59)
5 Naga Sea Witch
3 Frost Arrows
2 Forked Lightning
1 Death Knight
1 Death Coil
» actions
| Assign group hotkey | 45 | |
| Basic commands | 38 | |
| Build / train | 81 | |
| ESC pressed | 3 | |
| Enter build submenu | 22 | |
| Enter hero's abilities submenu | 6 | |
| Give item / drop item | 10 | |
| Right click | 972 | |
| Select / deselect | 386 | |
| Select group hotkey | 349 | |
| Use ability | 107 | |
2019 total
» units
| Acolyte | 8 | |
| Ghoul | 3 | |
| Crypt Fiend | 18 | |
| Obsidian Statue | 4 | |
| Abomination | 2 | |
35 total
» upgrades
| Creature Attack | 3 | |
| Creature Carapace | 1 | |
| Web | 1 | |
| Destroyer Form | 1 | |
| Burrow | 1 | |
| Disease Cloud | 1 | |
| Unholy Armor | 1 | |
9 total
» buildings
| Altar of Darkness | 1 | |
| Ziggurat | 10 | |
| Crypt | 1 | |
| Graveyard | 1 | |
| Tomb of Relics | 1 | |
| Nerubian Tower | 1 | |
| Spirit Tower | 13 | |
| Halls of the Dead | 1 | |
| Black Citadel | 1 | |
| Slaughterhouse | 1 | |
| Necropolis | 1 | |
32 total
» build order
00:08 Altar of Darkness
00:09 Ziggurat
00:55 Crypt
01:15 Graveyard
01:30 Tomb of Relics
01:46 Ziggurat
02:13 Nerubian Tower
03:34 Ziggurat
04:06 Spirit Tower
04:57 Halls of the Dead
08:11 Black Citadel
08:28 Slaughterhouse
10:37 Spirit Tower
13:41 Necropolis
14:02 Ziggurat
14:19 Ziggurat
14:56 Spirit Tower
15:02 Ziggurat
15:03 Ziggurat
15:22 Spirit Tower
16:36 Spirit Tower
18:12 Ziggurat
19:10 Spirit Tower
21:16 Ziggurat
21:21 Ziggurat
22:22 Spirit Tower
22:42 Spirit Tower
22:43 Spirit Tower
22:43 Spirit Tower
22:43 Spirit Tower
» items
| Rod of Necromancy | 1 | |
| Boots of Speed | 1 | |
| Scroll of Town Portal | 2 | |
| Potion of Healing | 3 | |
| Orb of Corruption | 1 | |
| Scroll of Healing | 1 | |
9 total
ban-gay-marriag (
green | 84 APM | 2300 actions | 27:27)
9 Goblin Alchemist
3 Chemical Rage
3 Healing Spray
1 Transmute
2 Acid Bomb
» actions
| Assign group hotkey | 34 | |
| Basic commands | 1 | |
| Build / train | 69 | |
| Enter build submenu | 27 | |
| Enter hero's abilities submenu | 10 | |
| Give item / drop item | 5 | |
| Right click | 1044 | |
| Select / deselect | 213 | |
| Select group hotkey | 699 | |
| Use ability | 197 | |
2300 total
» units
» upgrades
| Ranged Weapons | 1 | |
| Armor | 1 | |
| Envenomed Spears | 1 | |
| Reinforced Defenses | 1 | |
| Ensnare | 1 | |
| Melee Weapons | 1 | |
6 total
» buildings
| Orc Burrow | 6 | |
| Altar of Storms | 1 | |
| Voodoo Lounge | 1 | |
| Stronghold | 1 | |
| War Mill | 1 | |
| Beastiary | 4 | |
| Fortress | 2 | |
| Watch Tower | 39 | |
| Great Hall | 1 | |
56 total
» build order
00:18 Orc Burrow
00:22 Altar of Storms
01:12 Voodoo Lounge
01:28 Orc Burrow
02:34 Stronghold
02:40 Orc Burrow
02:41 Orc Burrow
02:42 Orc Burrow
03:04 War Mill
04:57 Beastiary
05:02 Beastiary
05:34 Fortress
05:34 Fortress
09:04 Watch Tower
09:05 Watch Tower
09:05 Watch Tower
11:07 Watch Tower
11:08 Watch Tower
11:28 Watch Tower
11:28 Watch Tower
11:29 Watch Tower
11:30 Watch Tower
11:30 Watch Tower
11:32 Watch Tower
11:32 Watch Tower
11:37 Watch Tower
11:42 Watch Tower
14:42 Beastiary
14:44 Orc Burrow
14:47 Beastiary
15:19 Watch Tower
15:19 Watch Tower
15:20 Watch Tower
15:20 Watch Tower
15:20 Watch Tower
17:09 Watch Tower
17:25 Watch Tower
17:26 Watch Tower
17:48 Watch Tower
18:09 Watch Tower
18:10 Watch Tower
18:10 Watch Tower
18:11 Watch Tower
18:26 Watch Tower
18:26 Watch Tower
19:53 Watch Tower
19:53 Watch Tower
20:12 Watch Tower
21:51 Great Hall
22:19 Watch Tower
22:19 Watch Tower
22:20 Watch Tower
23:34 Watch Tower
23:34 Watch Tower
» items
| Rod of Necromancy | 1 | |
| Staff of Teleportation | 1 | |
| Healing Salve | 5 | |
| Orb of Lightning | 1 | |
| Tiny Great Hall | 1 | |
| Scroll of Healing | 4 | |
| Scroll of Town Portal | 6 | |
| Potion of Healing | 6 | |
| Potion of Lesser Invulnerability | 1 | |
26 total
Chat log
(00:01 / All) LordOfTheFIies: HU VS UD
(00:20 / Allies) broyousuck: 100 g
(00:24 / Allies) LordOfTheFIies: STFU
(00:25 / Allies) LordOfTheFIies: WE ARE ALL UD
(00:29 / All) LordOfTheFIies: THAT KILLS THE POINT
(00:33 / All) ban-gay-marriag: lord of the flies is american
(00:34 / All) Mikey-Fresh: gl hf
(00:35 / Allies) broyousuck: green isnt
(00:40 / All) Demogorgon.: No it isn't
(00:40 / Allies) broyousuck: rush then
(00:42 / Allies) LordOfTheFIies: KILL YOURSELF
(00:45 / Allies) LordOfTheFIies: NO RUSH
(00:45 / All) Demogorgon.: It was written by an Englishman
(00:46 / All) ban-gay-marriag: its in school
(00:51 / All) LordOfTheFIies: lol
(00:52 / All) Demogorgon.: so
(00:54 / All) ban-gay-marriag: english is american dumbass
(00:54 / Allies) broyousuck: ok piggy
(00:58 / All) Demogorgon.: Shakespeare is American?
(01:04 / All) Demogorgon.: K.
(01:06 / All) broyousuck: ...
(01:22 / All) LordOfTheFIies: LISTEN TO CAMPBELL HE IS EDUCATED
(01:24 / All) broyousuck: who said english was american?
(01:25 / All) LordOfTheFIies: OOPS
(01:35 / All) Demogorgon.: your ally
(01:40 / Allies) LordOfTheFIies: Imma go naga sea witch to counter paladin
(01:46 / Allies) ban-gay-marriag: give control
(01:50 / Allies) LordOfTheFIies: why
(01:52 / Allies) ban-gay-marriag: im gonna get alchem
(01:54 / Allies) broyousuck: same
(01:59 / Allies) broyousuck: im goin ranger
(02:01 / Allies) ban-gay-marriag: dont give control to oj
(02:01 / Allies) LordOfTheFIies: k
(02:05 / Allies) LordOfTheFIies: yeah
(02:06 / Allies) broyousuck: ...
(02:17 / Allies) broyousuck: whatever
(03:02 / All) Demogorgon.: England is an American state not a part of the United Kingdom
(03:05 / All) Demogorgon.: I learn something new everyday
(03:10 / Allies) LordOfTheFIies: rifle build
(03:13 / All) broyousuck: no it's not
(03:47 / All) Demogorgon.: yes it is dumbass
(03:53 / All) Demogorgon.: ask green
(04:00 / All) about8pandas: i wasnt watching
(04:01 / All) about8pandas: i hate u
(04:02 / All) broyousuck: stfu stupid shit
(04:16 / All) ban-gay-marriag: lots of assholes in this particular game
(06:51 / All) celobox: ty for item
(07:24 / All) Mikey-Fresh: i didnt mean it guys = (
(07:30 / All) Mikey-Fresh: = D
(07:32 / Allies) LordOfTheFIies: lets poke
(08:01 / Allies) ban-gay-marriag: wood
(08:18 / All) Mikey-Fresh: the uds are ganging up on me
(08:23 / All) Demogorgon.: tped
(08:44 / All) Demogorgon.: I'm downloading porn
(08:55 / All) LordOfTheFIies: never go paladin first
(08:59 / All) LordOfTheFIies: sea withc tears it a new asshole
(10:39 / Allies) ban-gay-marriag: gold teal
(11:15 / Allies) ban-gay-marriag: wood
(11:16 / Allies) ban-gay-marriag: wood
(11:45 / Allies) LordOfTheFIies: gonna take this
(12:24 / Allies) ban-gay-marriag: protect my expo
(12:37 / Allies) LordOfTheFIies: mine is more vulnerable
(13:03 / All) LordOfTheFIies: lol
(13:16 / Allies) ban-gay-marriag: gp
(13:18 / Allies) ban-gay-marriag: hit purple
(14:18 / Allies) broyousuck: b
(14:27 / Allies) broyousuck: blue
(14:52 / Allies) celobox: tp
(15:37 / Allies) ban-gay-marriag: yuellow expo
(17:34 / Allies) LordOfTheFIies: help wtf
(19:10 / Allies) ban-gay-marriag: KILL THE TANKS
(19:10 / Allies) ban-gay-marriag: IDOIT
(19:22 / Allies) broyousuck: no shit
(19:24 / Allies) LordOfTheFIies: never call someone an idiot when you are too fucking daft to tp to an expo
(19:40 / Allies) ban-gay-marriag: rod hsut up if i tped tanks would have raped me
(19:41 / Allies) broyousuck: bases are more important
(19:52 / Allies) LordOfTheFIies: yeah, and so is an entire army buddy
(20:01 / Allies) ban-gay-marriag: that is ur fault for defending ur expo vs 3 armies
(20:07 / Allies) broyousuck: you are stupid blue
(20:09 / Allies) LordOfTheFIies: I expected help
(20:26 / Allies) LordOfTheFIies: there are three backstabbers in this game working against you, stfu orange
(20:36 / Allies) broyousuck: haha
(20:37 / Allies) broyousuck: idiot
(20:44 / Allies) LordOfTheFIies: guess who they all are?
(24:58 / All) LordOfTheFIies: glhf
(25:02 / All) about8pandas: gg
(27:24 / All) ban-gay-marriag: red was supposed to stab